Cogmind - Beta 13 @@@ ROGUE MODE // 2024.04.01 @ 21:14:30 Player: zygorg Result: Self-destructed Performance ------------- Evolutions (1) 500 Regions Visited (2) 400 Robots Destroyed (18) 90 Value Destroyed (512) 512 Prototype IDs (0) 0 Alien Tech Used (0) 0 Bonus (0) 0 TOTAL SCORE: 1502 Bonus ------- None Cogmind --------- Core Integrity 250/400 Matter 374/500 Energy 100/100 System Corruption 0% Temperature Cool (9) Movement Core (800) Ox15 Location -9/Materials Parts ------- > --- POWER (1) -------- (None) > --- PROPULSION (2) --- (None) > --- UTILITY (3) ------ High-capacity Storage Unit High-capacity Matter Pod Sensor Array > --- WEAPON (3) ------- Light Assault Rifle > --- INVENTORY (20) --- Ion Engine Heat Sink Heat Sink Heat Sink Small Battery (100) Large Battery (200) Small Matter Pod (50) Structural Scanner Visual Processing Unit Signal Interpreter Targeting Computer Grenade Launcher Peak State ------------ > --- POWER ------------ Ion Engine > --- PROPULSION ------- Light Treads Light Treads > --- UTILITY ---------- High-capacity Storage Unit High-capacity Matter Pod Sensor Array > --- WEAPON ----------- Small Laser Light Assault Rifle Light Assault Rifle > --- INVENTORY -------- Ion Engine Ion Engine Light Ion Engine Light Treads Heat Sink Heat Sink Small Battery Small Matter Pod Structural Scanner Visual Processing Unit Signal Interpreter Targeting Computer EM Pulse Gun Small Laser Light Assault Rifle Grenade Launcher [Rating: 10] Favorites ----------- Power Ion Engine Engine Ion Engine Propulsion Light Treads Treads Light Treads Utility Sensor Array Device Sensor Array Storage High-capacity Storage Unit Weapon Light Assault Rifle Energy Gun Small Laser Ballistic Gun Light Assault Rifle Launcher Grenade Launcher Special Melee Weapon Datajack Build | -11 -10 -9 ------- Run | Yrd Mat Mat Slots Evolved 2 | . . 2 Power . | . . . Propulsion . | . . . Utility 1 | . . 1 Weapon 1 | . . 1 Parts Attached 20 | 6 6 8 Power 3 | 1 1 1 Engine 3 | 1 1 1 Core . | . . . Reactor . | . . . Propulsion 3 | 2 . 1 Treads 3 | 2 . 1 Leg . | . . . Wheel . | . . . Hover . | . . . Flight . | . . . Utility 5 | 1 3 1 Device 1 | . 1 . Storage 4 | 1 2 1 Processor . | . . . Hackware . | . . . Protection . | . . . Artifact . | . . . Weapon 9 | 2 2 5 Energy Gun 2 | 1 1 . Energy Cannon . | . . . Ballistic Gun 5 | 1 1 3 Ballistic Cannon . | . . . Launcher 1 | . . 1 Special Weapon . | . . . Impact Weapon . | . . . Slashing Weapon . | . . . Piercing Weapon . | . . . Special Melee Weapon 1 | . . 1 Unidentified Prototypes . | . . . Parts Lost 10 | . 2 8 Power 3 | . 1 2 Propulsion 3 | . . 3 Utility . | . . . Weapon 4 | . 1 3 Highest Loss Streak 7 | . 1 7 To Critical Strikes . | . . . Average Slot Usage (%) 95 | . 96 95 Engine 12 | . 14 10 Treads 24 | . 28 19 Device 11 | . 11 11 Storage 17 | . 14 22 Energy Gun 8 | . 11 5 Ballistic Gun 17 | . 15 20 Special Melee Weapon 2 | . . 5 Naked Turns . | . . . Heaviest Build 53 | 12 48 53 Greatest Support 40 | 40 40 40 Greatest Overweight (x) 1 | . 1 1 Average Overweight (x) . | . . 1 Largest Inventory Capacity 20 | 8 20 20 Average Capacity 14 | 6 11 20 Most Carried 18 | 4 18 18 Average Carried 9 | 1 6 15 Final Capacity 20 | 8 20 20 Final Carried 18 | 1 18 12 Class Distribution -------------------- 80% | Mutant 19% | Skirmisher Dominant Class ---------------- Mutant | -10/Materials Skirmisher | -9/Materials Resources | -11 -10 -9 ----------- Run | Yrd Mat Mat Matter Collected 615 | 249 264 102 Remotely . | . . . Salvage Created 650 | . 406 244 Parts 42 | . 25 17 Haulers Intercepted . | . . . Recyclers Shooed . | . . . Parts Field Recycled . | . . . Retrieved Matter . | . . . Parts Self-Destructed . | . . . Prevented . | . . . Kills | -11 -10 -9 ------- Run | Yrd Mat Mat Combat Hostiles Destroyed 15 | . 10 5 Guns 15 | . 10 5 Classes Destroyed 5 | . 3 2 Operator 1 | . . 1 Watcher 2 | . 2 . Swarmer 3 | . 3 . Grunt 11 | . 7 4 Duelist 1 | . . 1 Best Kill Streak 4 | . 4 2 Combat Bots Only 4 | . 4 2 Max Kills in Single Turn 1 | . 1 1 Gunslinging . | . . . Exploded . | . . . Melee . | . . . Uniques/NPCs Destroyed . | . . . Combat | -11 -10 -9 -------- Run | Yrd Mat Mat Hostile Shots Fired 118 | . 60 58 Missed 31 | . 16 15 Damage Taken 1204 | . 503 701 Core 195 | . 45 150 Absorbed by Shields . | . . . Core Remaining (%) 91 | 100 82 . Volleys Fired 76 | . 49 27 Largest 3 | . 2 3 Hottest 80 | . 60 80 Shots Fired 148 | . 95 53 Gun 148 | . 95 53 Cannon . | . . . Launcher . | . . . Special . | . . . Kinetic 102 | . 57 45 Thermal 35 | . 27 8 Explosive . | . . . Electromagnetic 11 | . 11 . Robot Hit Streak 16 | . 12 16 Robot Miss Streak 4 | . 4 3 Penetration Max . | . . . Secondary Targets . | . . . Shots Hit Robots 101 | . 62 39 Core Hits 37 | . 22 15 Critical Kills 1 | . 1 . Critical Parts Destroyed . | . . . Critical Strikes 1 | . 1 . Destroy 1 | . 1 . Melee Attacks 3 | . . 3 Impact . | . . . Slashing . | . . . Piercing . | . . . Sneak Attacks 3 | . . 3 Combat Hostiles . | . . . Follow-up Attacks . | . . . Damage Inflicted 982 | . 669 313 Guns 980 | . 667 313 Cannons . | . . . Explosions . | . . . Melee . | . . . Ramming 2 | . 2 . Kinetic 637 | . 371 266 Thermal 242 | . 195 47 Explosive . | . . . Electromagnetic 101 | . 101 . Impact . | . . . Slashing . | . . . Piercing . | . . . Highest Corruption . | . . . Average Corruption . | . . . Corruption Purged . | . . . Corruption Blocked . | . . . Overload Shots . | . . . Overflow Damage . | . . . Projectiles . | . . . Explosions . | . . . Melee . | . . . Knockbacks . | . . . Impact . | . . . Kinetic . | . . . Secondary . | . . . Self-Inflicted Damage . | . . . Shots . | . . . Rammed 1 | . 1 . Targets Rammed 1 | . 1 . Kicked . | . . . Crushed . | . . . Highest Temperature 114 | . 70 114 Average Temperature 26 | . 25 29 Received Heat Transfer 486 | . 261 225 Siege Activations . | . . . Robots Corrupted . | . . . Combat Hostiles . | . . . Parts Fried 1 | . 1 . Impact Corruptions . | . . . Robots Melted . | . . . Combat Hostiles . | . . . Parts Melted 2 | . 2 . Heat Transferred 550 | . 450 100 Parts Sabotaged . | . . . Parts Stolen . | . . . Parts Stripped . | . . . Power Chain Reactions . | . . . Alert | -11 -10 -9 ------- Run | Yrd Mat Mat Peak Influence 214 | . 214 163 Initial 43 | . . 43 Average 75 | . 64 108 Maximum Alert Level 1 | . 1 . Low Security (%) 98 | 100 98 100 Level 1 1 | . 1 . Level 2 . | . . . Level 3 . | . . . Level 4 . | . . . Level 5 . | . . . High Security . | . . . Max Security . | . . . Squads Dispatched 4 | . 2 2 Investigation 2 | . 1 1 Extermination . | . . . Reinforcement 2 | . 1 1 Assault . | . . . Garrison . | . . . Intercept . | . . . Searches Triggered . | . . . Construction Impeded . | . . . Haulers Reinforced . | . . . Active Scanning Responses . | . . . Cargo Convoy Interrupts . | . . . Stealth | -11 -10 -9 --------- Run | Yrd Mat Mat Distress Signals 2 | . 2 . Communications Jammed . | . . . Distress Signals . | . . . Times Spotted 25 | . 17 8 Peak Tracking Total 4 | . 3 4 Tactical Retreats 3 | . 2 1 Traps | -11 -10 -9 ------- Run | Yrd Mat Mat Traps Triggered . | . . . Indirectly . | . . . Trap Hack Attempts . | . . . Triggered . | . . . Disarmed . | . . . Reprogrammed . | . . . Reused . | . . . Traps Extracted . | . . . Installed . | . . . Triggered . | . . . Machines | -11 -10 -9 ---------- Run | Yrd Mat Mat Machines Disabled . | . . . Max in Single Turn . | . . . Machines Repaired . | . . . Machines Dismantled . | . . . Machines Sabotaged . | . . . Overloaded Fab Kills . | . . . Hacking | -11 -10 -9 --------- Run | Yrd Mat Mat Machines Accessed 5 | . 4 1 Terminals 5 | . 4 1 Fabricators . | . . . Repair Stations . | . . . Recycling Units . | . . . Scanalyzers . | . . . Garrison Access . | . . . Total Hacks 17 | . 14 3 Successful 10 | . 9 1 Failed 7 | . 5 2 Catastrophic 2 | . 1 1 Database Lockouts . | . . . Manual . | . . . Terminals 17 | . 14 3 Fabricators . | . . . Repair Stations . | . . . Recycling Units . | . . . Scanalyzers . | . . . Garrison Access . | . . . Terminal Hacks 10 | . 9 1 Alert Level 2 | . 2 . Locate Traps 1 | . 1 . Dispatch Records 1 | . 1 . Security Status 1 | . 1 . Transport Status 1 | . 1 . Reinforcement Status 1 | . 1 . Recall Investigation 1 | . . 1 Hauler Manifests 1 | . 1 . Registered Prototypes 1 | . 1 . Fabricator Hacks . | . . . Repair Station Hacks . | . . . Recycling Unit Hacks . | . . . Scanalyzer . | . . . Garrison Access Hacks . | . . . Unauthorized Hacks . | . . . Terminals . | . . . Fabricators . | . . . Repair Stations . | . . . Recycling Units . | . . . Scanalyzers . | . . . Garrison Access . | . . . Data Cores Recovered . | . . . Used . | . . . Hacking Detections 5 | . 4 1 Full Trace Events 3 | . 2 1 Feedback Events . | . . . Feedback Blocked . | . . . Robot Schematics Acquired . | . . . Robots Built . | . . . Authchips . | . . . Time . | . . . Total Robot Build Rating . | . . . Part Schematics Acquired . | . . . Parts Built . | . . . Authchips . | . . . Time . | . . . Total Part Build Rating . | . . . Parts Repaired . | . . . Time . | . . . Parts Recycled . | . . . Recycled Matter . | . . . Retrieved Matter . | . . . Retrieved Components . | . . . Parts Scanalyzed . | . . . Part Schematics Acquired . | . . . Parts Damaged . | . . . Bothacking | -11 -10 -9 ------------ Run | Yrd Mat Mat Used RIF Installer . | . . . Robots Hacked 3 | . . 3 Non-combat 3 | . . 3 Combat . | . . . Robot Hacks Applied 3 | . . 3 parse_system 2 | . . 2 no_distress 1 | . . 1 Relay Couplers Released . | . . . Fabnet Peak Effective % . | . . . Robots Rewired . | . . . Allies Hacked . | . . . Hacks Repelled . | . . . Allies | -11 -10 -9 -------- Run | Yrd Mat Mat Total Allies . | . . . Largest Group . | . . . Highest-Rated Group . | . . . Highest-Rated Ally . | . . . Total Orders . | . . . Ally Attacks . | . . . Total Damage . | . . . Kills . | . . . Allies Corrupted . | . . . Allies Melted . | . . . Intel | -11 -10 -9 ------- Run | Yrd Mat Mat Robot Analysis Total . | . . . Derelict Logs Recovered . | . . . Drone Launches . | . . . Drone Recoveries . | . . . Exploration | -11 -10 -9 ------------- Run | Yrd Mat Mat Turns Passed 1080 | 82 607 391 Spaces Moved 372 | 51 217 104 Core 10 | 10 . . Treads 362 | 41 217 104 Legs . | . . . Wheels . | . . . Hover . | . . . Flight . | . . . Fastest Speed 50 | 50 160 240 Average Speed 189 | 138 177 240 Slowest Speed 240 | 160 240 240 Overloaded Moves . | . . . Propulsion Burnouts . | . . . Robots Hopped . | . . . Cave-ins Triggered . | . . . Exploration Rate (%) 19 | 4 42 12 Regions Visited 2 Branch Regions . Pre-discovered Areas . | . . . Known Exits Taken . | . . . Unknown Exits Taken 2 | 1 1 . Scrap Searched . | . . . Spaces Dug . | . . . Terrain Destroyed . | . . . Melee . | . . . Projectile . | . . . AOE . | . . . Terrain Rammed . | . . . Walls Destroyed . | . . . Machines Disabled . | . . . Actions | -11 -10 -9 --------- Run | Yrd Mat Mat Total 621 | 63 352 206 Wait 109 | . 52 57 Move 370 | 50 216 104 Hop . | . . . Pick Up 34 | 7 24 3 Fast Attach . | . . . Attach 14 | 6 3 5 Detach . | . . . Swap 6 | . 3 3 Drop 8 | . 4 4 Fire 76 | . 49 27 Melee 3 | . . 3 Ram . | . . . Kick . | . . . Crush 1 | . 1 . Escape Stasis . | . . . Rewire . | . . . Trap . | . . . Miscellaneous . | . . . Route ------- -11/Scrapyard -10/Materials -9/Materials History --------- Turn | Location | Event 5 | -11/Scrapyard | Discovered new exit (range 14) 83 | -11/Scrapyard | Entered Materials 313 | -10/Materials | Build established: Mutant 627 | -10/Materials | Discovered new exit (range 16) 690 | -10/Materials | Entered another Materials area 690 | -9/Materials | Evolved 2 slots: Utility x1, Weapon x1 1081 | -9/Materials | Self-destructed Last Messages --------------- Establishing remote squad link... No tasked investigation squads found. 01032_ ALERT: Suspicious activity at Terminal M012. Dispatching Investigation squad. 01033_ K-01 Serf collects debris. 01048_ Lgt. Assault Rifle destroyed. 01052_ Ion Engine destroyed. 01054_ Lgt. Treads destroyed. 01056_ Destroyed Melee Analysis Suite. 01057_ Critical hit (Burn: +37). 01061_ L-31 Rogue destroyed. 01063_ Critical hit (Burn: +37). 01065_ K-01 Serf collects debris. 01066_ Lgt. Assault Rifle destroyed. 01067_ G-34 Mercenary destroyed. 01068_ K-01 Serf collects debris. 01069_ Ion Engine destroyed. 01072_ Lgt. Treads destroyed. 01072_ Datajack destroyed. 01081_ M-13 Machinist destroyed. Map ----- +----------------------------------------------------+ | ?????????????????????????????????????????????????? | | ?????????????????????????????????????????????????? | | ?????????????????????????????????????????????????? | | ?????????????????????????????????????????????????? | | ?????????????????????????????????????????????????? | | ?????????????????????????????????????????????????? | | ?????????????????????????????????????????????????? | | ?????????????????????????????????????????????????? | | ?????????????????????????????????????????????????? | | ?????????????????????????????????????????????????? | | ?????????????????????????????????????????????????? | | ?????????????????????????????????????????????????? | | ????????????????????????###??????????????????????? | | ????????????????????????]] ??????????????????????? | | ????????????????????????]] ??????????????????????? | | ????????????????????????]] ??????????????????????? | | ???????????????????????? ??????????????????????? | | ???????????????????????? ??????????????????????? | | ???????????????????????? ??????????????????????? | | ??????????????????????###o###????????????????????? | | ???????????#### ?????# #????????????????????? | | ???????????? ? ??### #????????????????????? | | ????????????????? !YT #????????????????????? | | ??????????????????????#%/* #????????????????????? | | ??????????????????????#=%= #????????????????????? | | ??????????????????????##=@!###???????????????????? | | ???????????????????????#%! # #???????????????????? | | ???????????????????????# #???????????????????? | | ???????????????????????# # #???????????????????? | | ???????????????????????# ###???????????????????? | | ????????????????????#####+#####??????????????????? | | ????????????????????# #??????????????????? | | ????????????????????#| ? #??????????????????? | | ????????????????????# #???????????######## | | ????????????????????# """"""" #???????????# | | ????????????????????# """"""" #???????????# "" | | ????????????????????# """"""" #???????????# [ "" | | ????????????????????# """"""" #############= "" | | ????????????????????# """"""" + =!+ !! | | ????????????????????########### ###########*[[ | | ??????????????????????????????# #?????????#[! | | ??????????????????????????????# #?????????#[ | | ??????????????????????????????# #?????????######## | | ??????????????????????????????# ????????????????? | | ??????????????????????????????# ????????????????? | | ??????????????????????????????+ ????????????????? | | ??????????????????????????????# ????????????????? | | ???????????????????????????????##????????????????? | | ?????????????????????????????????????????????????? | | ?????????????????????????????????????????????????? | +----------------------------------------------------+ Best States ------------- Heat Dissipation 28 Energy Generation 10 Energy Capacity 250 Matter Stores 394 Matter Capacity 500 Sight Range 16 Robot Scan Range 14 Terrain Scan Density 10 Evasion (%) 40 Recoil Reduction 2 Item Schematics ----------------- None Robot Schematics ------------------ None Fabricated ------------ Nothing Alien Tech Used ----------------- None Achievements -------------- None Challenges ------------ None Game ------ Seed NetworkLargeDevice Manual? 0 Play Time 00:15:48 Cumulative 3.8 hours Start 2024.04.01 @ 21:00:03 End 2024.04.01 @ 21:14:30 Sessions 1 Manual Loads 0 Difficulty Rogue Special Mode None Game No. 4 Rogue 4 Adventurer 0 Explorer 0 Win Type - Total 0 Types 0/0/0/0/0/0/0/0/0 Lore% 2 Gallery% 8 Achievement% 7 Wizard Run 0 Options --------- Layout 0 ASCII 0 Keyboard 0 Movement Mouse Keybinds 0 Fullscreen 2 Font 18/SmallcapsGlow Map View 76x50 Zoom Use 0% Tactical HUD 1 Map Filters NONE Filters NONE Steam 1 RUN: 0914fa23-2b8a-48fd-9227-52a4458c1e87